 Dungeon Crawl Stone Soup version 0.25-a0-1132-g9d38388ac0 (webtiles) character file.

Game seed: 16746612197271226185, levelgen mode: deterministic

4239 Essalna the Firebug (level 10, -1/63 HPs)
             Began as a Gargoyle Fire Elementalist on May 20, 2020.
             Was a Follower of Vehumet.
             Slain by an orc warrior
             ... wielding a +0 long sword
              (11 damage)
             ... on level 9 of the Dungeon.
             The game lasted 00:22:37 (11278 turns).

Essalna the Firebug (Gargoyle Fire Elementalist)   Turns: 11278, Time: 00:22:38

Health: -1/63      AC: 12    Str: 12    XL:     10   Next: 30%
Magic:  16/19      EV: 12    Int: 25    God:    Vehumet [*.....]
Gold:   367        SH:  0    Dex: 10    Spells: 8/21 levels left

rFire    + . .     SeeInvis .   G - staff of fire
rCold    . . .     Gourm    .   (no shield)
rNeg     + . .     Faith    .   a - +0 robe
rPois    ∞         Spirit   .   (no helmet)
rElec    +         Reflect  .   (no cloak)
rCorr    .         Harm     .   (no gloves)
MR       .....                  A - +1 pair of boots
Stlth    ++........             (no amulet)
HPRegen  0.20/turn              K - ring of wizardry
MPRegen  0.16/turn              H - +6 ring of intelligence

@: flying, very slightly contaminated
A: negative energy resistance 1, electricity resistance, unbreathing,
petrification resistance, rot immunity, AC +7
a: Renounce Religion


You were on level 9 of the Dungeon.
You worshipped Vehumet.
Vehumet was aware of your devotion.
You were not hungry.

You visited 2 branches of the dungeon, and saw 10 of its levels.

You collected 367 gold pieces.

Inventory:

Hand Weapons
 h - a +0 whip of draining
 x - a +1 rapier of speed
 F - a +4 scimitar
Missiles
 d - 5 boomerangs (quivered)
Armour
 a - a +0 robe (worn)
 A - a +1 pair of boots (worn)
 I - a +3 scale mail
Magical Staves
 i - an uncursed staff of poison
 G - an uncursed staff of fire (weapon)
Jewellery
 n - an uncursed ring of resist corrosion
 H - a +6 ring of intelligence (right hand)
 K - a ring of wizardry (left hand)
Wands
 u - a wand of acid (8)
 z - a wand of random effects (16)
 E - a wand of paralysis (8)
 L - a wand of polymorph (10)
Scrolls
 l - a scroll of enchant armour
 m - a scroll of amnesia
 o - 7 scrolls of identify
 q - a scroll of fog {unknown}
 r - a scroll of fear {unknown}
 s - 3 scrolls of immolation {unknown}
 w - 2 scrolls of remove curse {unknown}
 y - 2 scrolls of enchant weapon {unknown}
 D - 2 scrolls of magic mapping {unknown}
Potions
 b - a potion of brilliance
 e - 2 potions of flight
 f - 2 potions of might {unknown}
 g - 7 potions of curing
 j - 2 potions of heal wounds {unknown}
 k - 2 potions of stabbing {unknown}
 p - a potion of ambrosia {unknown}
 t - a potion of experience {unknown}
 v - 2 potions of degeneration {unknown}
 B - a potion of cancellation {unknown}
 C - 2 potions of magic {unknown}
 M - a potion of resistance {unknown}
Comestibles
 c - 10 rations
 N - 3 chunks of flesh


   Skills:
 + Level 7.0 Fighting
 + Level 7.0 Armour
 - Level 1.5 Dodging
 - Level 2.1 Stealth
 + Level 6.3 Spellcasting
 + Level 7.2 Conjurations
 + Level 7.2 Fire Magic


You had 8 spell levels left.
You knew the following spells:

 Your Spells              Type           Power        Failure   Level  Hunger
a - Foxfire               Conj/Fire      ####         1%          1    None
b - Inner Flame           Hex/Fire       #####...     1%          3    None
c - Sticky Flame          Conj/Fire      ######..     1%          4    ###....
d - Fireball              Conj/Fire      ######....   4%          5    #####..

Your spell library contained the following spells:

 Spells                   Type           Power        Failure   Level  Hunger
 Sandblast                Erth           #.....       2%          1    None
 Shock                    Conj/Air       ####         1%          1    None
 Conjure Flame            Conj/Fire      ######..     1%          3    None
 Dazzling Flash           Conj/Hex       ####..       1%          3    None
 Static Discharge         Conj/Air       ####....     1%          3    None
 Corona                   Hex            #......      2%          1    None
 Ensorcelled Hibernation  Hex/Ice        #.....       4%          2    None
 Swiftness                Chrm/Air       #.......     4%          2    None
 Confusing Touch          Hex            #.......     9%          3    None
 Gell's Gravitas          Tloc           #.........   9%          3    None
 Tukima's Dance           Hex            #.......     9%          3    None
 Lightning Bolt           Conj/Air       ####......   17%         5    #####..
 Airstrike                Air            #.........   26%         4    ###....
 Petrify                  Tmut/Erth      #.......     26%         4    ###....
 Metabolic Englaciation   Hex/Ice        #.........   58%         5    #####..
 Yara's Violent Unravell  Hex/Tmut       #.........   58%         5    #####..


Dungeon Overview and Level Annotations

Branches:
Dungeon (9/15)             Temple (1/1) D:6
   Lair: D:8-11         Orc: D:9-12

Altars:
Cheibriados
Dithmenos
Elyvilon
Fedhas
Gozag
Hepliaklqana
Kikubaaqudgha
Makhleb
Nemelex Xobeh
Okawaru
Qazlal
Ru
Sif Muna
Trog
Uskayaw
Vehumet
Wu Jian
Xom
Yredelemnul
Zin
The Shining One

Annotations:
D:4 3 runed translucent doors, lis82's ghost, novice DgAE


Innate Abilities, Weirdness & Mutations

You are resistant to torment.
Your stone body is resilient. (AC +7)
You are immune to poison.
You resist negative energy. (rN+)
You are resistant to electric shocks. (rElec)
You can survive without breathing.
You are immune to petrification.
You are immune to rotting.


Message History

* * * LOW HITPOINT WARNING * * *
You hear an angry buzzing noise.
Okay, then.
Unknown command.
It was a potion of flight.
You feel very buoyant.
You fly up into the air.
The killer bee rages.
The killer bee barely misses you.
The killer bee stings you but does no damage.
The orc warrior hits you with a +0 long sword.
* * * LOW HITPOINT WARNING * * *
An orc comes into view. It is wielding a +0 short sword.
The killer bee stings you.
* * * LOW HITPOINT WARNING * * *
It was a potion of curing.
You feel better.
The killer bee rages.
The killer bee closely misses you. x2
The orc warrior hits you with a +0 long sword!
You die...

#####+###### #....
#..........# #....
#..........# #....
#..........# #....
+..........#####.... .
#..........'..##.... ...
#.........<##.##....
....###########'#######..'....
..........##.@oo# ####....
#.T..##y#### ##### #.#..##y#
#y##.Z##y# #y# ##.T#y##### #T#
#...Z....# #.# #........# #y#
#........# ## #.........#


You could see an orc warrior, 4 killer bees, an orc and a hound skeleton.

Vanquished Creatures
  Pikel (D:4)
  Joseph (D:8)
  A hippogriff (D:8)
  Menkaure (D:4)
  Duvessa (D:4)
  An orc warrior (D:6)
  2 ice beasts
  A black bear (D:8)
  4 slaves
  4 ogres
  3 phantoms
  Blork the orc (D:6)
  A bullfrog (D:6)
  Dowan (D:4)
  3 scorpions
  A water moccasin skeleton (D:7)
  11 wights
  3 crimson imps
  2 bullfrog zombies
  A centaur zombie (D:6)
  3 jellies
  4 orc wizards
  2 hounds
  4 orc priests
  3 iguanas
  A centaur skeleton (D:4)
  6 worker ants
  Natasha (thrice) (D:4)
  A hound zombie (D:6)
  10 adders
  13 gnolls
  A shadow imp (D:5)
  2 oozes
  2 adder skeletons
  3 worms
  3 dart slugs
  5 leopard geckos
  10 orcs
  5 giant cockroaches
  6 hobgoblins
  18 jackals
  5 quokkas
  3 ball pythons
  A ball python skeleton (D:4)
  3 bats
  5 frilled lizards
  15 goblins
  A jackal zombie (D:6)
  9 kobolds
  A leopard gecko skeleton (D:7)
  A leopard gecko zombie (D:5)
  A quokka zombie (D:7)
  4 rats
198 creatures vanquished.

Vanquished Creatures (collateral kills)
  A goblin (D:2)
  A frilled lizard (D:3)
2 creatures vanquished.

Vanquished Creatures (others)
  735 foxfires
735 creatures vanquished.

Grand Total: 935 creatures vanquished

Notes
Turn   | Place    | Note
-------+----------+-------------------------------------------
     0 | D:1      | Essalna the Gargoyle Fire Elementalist began the quest for
                  | the Orb.
     0 | D:1      | Reached XP level 1. HP: 10/10 MP: 3/3
   174 | D:1      | Reached XP level 2. HP: 13/15 MP: 5/5
   877 | D:1      | Reached XP level 3. HP: 20/20 MP: 1/6
  1225 | D:2      | Reached skill level 1 in Armour
  1401 | D:2      | Reached skill level 1 in Fighting
  1595 | D:2      | Reached XP level 4. HP: 25/25 MP: 2/7
  2221 | D:3      | Reached XP level 5. HP: 30/30 MP: 2/9
  2584 | D:3      | HP: 1/30 [gnoll/+0 spear (3)]
  3159 | D:3      | Noticed an ogre
  3172 | D:3      | Killed an ogre
  3172 | D:3      | Reached XP level 6. HP: 12/36 MP: 3/10
  3909 | D:4      | Noticed Natasha
  3915 | D:4      | Killed Natasha
  3960 | D:4      | Noticed Natasha
  3963 | D:4      | Killed Natasha
  3963 | D:4      | Reached XP level 7. HP: 41/41 MP: 8/12
  4003 | D:4      | Noticed Dowan
  4004 | D:4      | Noticed Duvessa
  4033 | D:4      | Killed Duvessa
  4058 | D:4      | Noticed Natasha
  4344 | D:4      | Killed Natasha
  4369 | D:4      | Killed Dowan
  4488 | D:4      | Noticed Menkaure
  4501 | D:4      | Killed Menkaure
  4506 | D:4      | Noticed Pikel
  4538 | D:4      | Reached XP level 8. HP: 25/48 MP: 5/14
  4958 | D:4      | Killed Pikel
  4958 | D:4      | Reached skill level 5 in Conjurations
  4958 | D:4      | Reached skill level 5 in Fire Magic
  5329 | D:4      | Found a runed translucent gate.
  5330 | D:4      | Found a runed translucent gate.
  5331 | D:4      | Found a runed translucent gate.
  5332 | D:4      | Found an opulent altar of Gozag.
  5333 | D:4      | Noticed lis82's ghost (novice DgAE)
  5540 | D:4      | Found a shimmering blue altar of Sif Muna.
  5540 | D:4      | Found a basalt altar of Yredelemnul.
  5602 | D:5      | Entered Level 5 of the Dungeon
  5878 | D:5      | Reached skill level 5 in Fighting
  5878 | D:5      | Reached skill level 5 in Armour
  6178 | D:5      | Reached skill level 5 in Spellcasting
  6178 | D:5      | Reached XP level 9. HP: 51/54 MP: 16/16
  6879 | D:5      | Learned a level 3 spell: Inner Flame
  6884 | D:5      | Learned a level 4 spell: Sticky Flame
  7082 | D:6      | Found a burning altar of Makhleb.
  7585 | D:6      | Noticed Blork the orc
  7596 | D:6      | Killed Blork the orc
  7790 | D:6      | Found a staircase to the Ecumenical Temple.
  8059 | Temple   | Entered the Ecumenical Temple
  8159 | Temple   | Became a worshipper of Vehumet
  9449 | D:7      | Learned a level 5 spell: Fireball
  9824 | D:7      | Reached XP level 10. HP: 53/61 MP: 10/19
 10150 | D:8      | Reached * piety under Vehumet
 10150 | D:8      | Offered knowledge of Sandblast by Vehumet.
 10767 | D:8      | Noticed Joseph
 10788 | D:8      | Killed Joseph
 11277 | D:9      | HP: 2/63 [orc warrior/+0 long sword (4)]
 11278 | D:9      | Slain by an orc warrior

Illustrated notes

Levels and vault maps discovered:
D:1:      heliophobic_arrival_henge, layout_basic
D:2:      layout_rooms, minmay_strange_pillars, minmay_split_cup_small
D:3:      layout_rooms, minmay_ogre_servants
D:4:      layout_basic, gammafunk_temple_overflow_wave, ebering_ghost_gozag,
          minmay_misc_feat_rows, uniq_menkaure, uniq_duvessa, uniq_pikel,
          uniq_natasha
D:5:      layout_rooms, first_ration
D:6:      layout_basic, minmay_temple_entry_statues_fountains, bloody_makhleb,
          uniq_blork_the_orc
D:7:      layout_gridville
D:8:      layout_loops_cross, uniq_joseph
D:9:      layout_roguey, david_nohive_1, nemelex_diamond_rough_becter
Temple:   regret_index_temple_chain_breaker

Skill      XL: |  1  2  3  4  5  6  7  8  9 10 |
---------------+-------------------------------+-----
Armour         | 1 2 3 5 6 7 |  7.0
Fighting       | 1 2 3 5 6 7 |  7.0
Conjurations   | 2 3 4 5 6 7 |  7.2
Spellcasting   | 3 4 5 6 |  6.3
Fire Magic     | 4 5 6 7 |  7.2
Dodging        | |  1.5
Stealth        | |  2.1

Action                   |  1- 3 |  4- 6 |  7- 9 | 10-12 || total
-------------------------+-------+-------+-------+-------++-------
Melee: Whip              |    35 |    43 |    17 |       ||    95
       Rapier            |       |       |   197 |       ||   197
       Staff             |       |       |   162 |    37 ||   199
       Scimitar          |       |       |    32 |       ||    32
Throw: Boomerang         |     7 |       |       |       ||     7
 Cast: Foxfire           |    55 |   111 |   314 |    16 ||   496
       Sticky Flame      |       |       |     2 |     9 ||    11
       Fireball          |       |       |       |     3 ||     3
  Use: Scroll            |       |       |     2 |     4 ||     6
       Potion            |       |       |       |     2 ||     2
 Stab: Sleeping          |       |     2 |       |       ||     2
  Eat: Chunk             |     3 |     7 |    13 |       ||    23
       Ration            |       |       |     2 |     2 ||     4
Armor: Robe              |    14 |    18 |   172 |    40 ||   244
Dodge: Dodged            |    20 |    36 |   278 |    51 ||   385
       Rpst.: Scimitar   |       |       |     9 |       ||     9

Table legend:
 A = Non-vault XP
 B = Vault XP
 C = Vault XP percentage of total XP
 D = Non-vault monster count
 E = Vault monster count
 F = Vault count percentage of total count
                 A         B        C        D         E       F
            +---------+---------+-------+---------+---------+-------
      Total |    4228 |    1829 |  30.2 |     177 |      19 |   9.7
            +---------+---------+-------+---------+---------+-------
        D:1 |      40 |       0 |   0.0 |      21 |       0 |   0.0
        D:2 |      77 |      28 |  26.7 |      15 |       3 |  16.7
        D:3 |     150 |     137 |  47.7 |      21 |       9 |  30.0
        D:4 |     426 |    1118 |  72.4 |      16 |       5 |  23.8
        D:5 |     850 |       0 |   0.0 |      42 |       0 |   0.0
        D:6 |     995 |      91 |   8.4 |      29 |       1 |   3.3
        D:7 |     747 |       0 |   0.0 |      20 |       0 |   0.0
        D:8 |     863 |     455 |  34.5 |      11 |       1 |   8.3
        D:9 |      80 |       0 |   0.0 |       2 |       0 |   0.0
            +---------+---------+-------+---------+---------+-------
